 Dungeon Crawl Stone Soup version 0.18-a0-1764-gf4ddf0b (webtiles) character file.

96 namelastname112 the Sneak (level 4, -1/37 HPs)
             Began as a Draconian Assassin on Apr 13, 2016.
             Slain by an orc
             ... wielding a +0 hand axe
              (5 damage)
             ... on level 3 of the Dungeon.
             The game lasted 00:03:34 (2110 turns).

namelastname112 the Sneak (Draconian Assassin)      Turns: 2110, Time: 00:03:35

Health: -1/37      AC:  6    Str: 14    XL:     4   Next: 41%
Magic:  4/4        EV: 12    Int: 11    God:
Gold:   144        SH:  0    Dex: 13    Spells: 0 memorised, 3 levels left

rFire  . . .     SeeInvis .     a - +2 dagger
rCold  . . .     Gourm    .     (armour unavailable)
rNeg   . . .     Faith    .     (no shield)
rPois  .         Spirit   .     (helmet restricted)
rElec  .         Dismiss  .     c - +0 cloak
rCorr  .         Reflect  .     (no gloves)
SustAt .         Harm     .     (no boots)
MR     .....                    (no amulet)
Stlth  +.........               (no ring)
                                h - ring of loudness (curse)

@: not resistant to hostile enchantments, very unstealthy
A: unfitting armour, cold-blooded, AC +5
a: no special abilities


You were on level 3 of the Dungeon.
You were not hungry.

You visited 1 branch of the dungeon, and saw 3 of its levels.

You collected 144 gold pieces.

Inventory:

Hand Weapons
 a - a +2 dagger (weapon)
 b - a +0 blowgun
Missiles
 d - 8 poisoned needles
 e - 2 curare-tipped needles
Armour
 c - a +0 cloak (worn)
Jewellery
 h - a cursed ring of loudness (left hand)
 m - an uncursed ring of fire
Scrolls
 g - a scroll of blinking {unknown}
 j - a scroll of immolation {unknown}
 k - a scroll of enchant armour {unknown}
 l - 2 scrolls of random uselessness {unknown}
 o - a scroll of fog {unknown}
 q - a scroll of identify {unknown}
 r - 2 scrolls of remove curse {unknown}
 s - a scroll of amnesia {unknown}
Potions
 n - a potion of heal wounds {unknown}
Comestibles
 f - 3 bread rations
 i - a meat ration


   Skills:
 + Level 2.4 Fighting
 * Level 3.3 Short Blades
 + Level 2.1 Throwing
 + Level 2.0 Dodging
 * Level 4.0 Stealth


You had 3 spell levels left.
You didn't know any spells.

Dungeon Overview and Level Annotations

Branches:
Dungeon (3/15)

Altars:
Ashenzari
Okawaru

Annotations:
D:3 Terence


Innate Abilities, Weirdness & Mutations

Your plain brown scales are hard (AC +5).
Your body does not fit into most forms of armour.
You are cold-blooded and may be slowed by cold attacks.


Message History

The orc priest miscasts a cantrip.
The orc hits you with a hand axe.
* * * LOW HITPOINT WARNING * * *
You are too injured to fight recklessly!
You are too injured to fight recklessly!
You are too injured to fight recklessly!
You are too injured to fight recklessly!
You take 20 damage, and have 8/37 hp.
MASSIVE DAMAGE!!
You are too injured to fight recklessly!
You are too injured to fight recklessly!
You are too injured to fight recklessly!
You are too injured to fight recklessly!
You are too injured to fight recklessly!
You are too injured to fight recklessly!
Drink which item? (? for menu, Esc to quit)
It was a potion of magic.
Magic courses through your body. Terence barely misses you.
The orc priest hits you with a club.
* * * LOW HITPOINT WARNING * * *
The orc hits you with a hand axe.
You die...

.......#
##..........#.........
.....###
#..........#.........
######
#..........#....#....
.#
.>........#....#...#
$..
#.........#....#####
....#.##...........#
...................#
.......o...........#
.....o@@.......#####
###...oo.......#
#............#
#......#######
#......# ########


You could see Terence, 2 orc priests and 2 orcs.

Vanquished Creatures
  3 adders
  An ooze (D:1)
  A worm (D:3)
  4 orcs (D:3)
  2 giant cockroaches
  5 goblins
  5 hobgoblins
  3 jackals (D:3)
  7 kobolds
  2 quokkas
  2 ball pythons
  10 bats
  5 giant newts
  9 rats
59 creatures vanquished.

Notes
Turn   | Place    | Note
--------------------------------------------------------------
     0 | D:1      | namelastname112 the Draconian Assassin began the quest for the Orb.
     0 | D:1      | Reached XP level 1. HP: 17/17 MP: 1/1
     4 | D:1      | epen: вот смотри
    34 | D:1      | Reached skill level 1 in Dodging
    38 | D:1      | namelastname112: ну пили
    38 | D:1      | epen: Обычно когда я играю за трансмутера
    40 | D:1      | epen: нагой
    78 | D:1      | epen: меня ебут
    85 | D:1      | Reached XP level 2. HP: 10/24 MP: 2/2
   331 | D:1      | epen: очень больно ебут
   486 | D:1      | epen: я качаю анармы и трансмуты
   504 | D:1      | epen: и если что вызываю змей
   504 | D:1      | namelastname112: ща помру если
   504 | D:1      | namelastname112: начну natm
   504 | D:1      | namelastname112: покажу теье
   504 | D:1      | namelastname112: бе
   504 | D:1      | namelastname112: че делать
   667 | D:1      | epen: бля
   674 | D:1      | epen: вот знаешь от чего я проснулся?
   674 | D:1      | epen: От того что мне жарко
   674 | D:1      | epen: ебучее солнце
   703 | D:1      | Reached XP level 3. HP: 29/29 MP: 3/3
   704 | D:1      | namelastname112: я под форточкой сижу
   704 | D:1      | namelastname112: и все равно умираю
  1201 | D:3      | Reached XP level 4. HP: 11/36 MP: 4/4
  1956 | D:3      | Found a shattered altar of Ashenzari.
  1967 | D:3      | Found an iron altar of Okawaru.
  1978 | D:3      | Reached skill level 4 in Stealth
  2094 | D:3      | Noticed Terence
  2110 | D:3      | epen: лол
  2110 | D:3      | Slain by an orc

Vault maps used:
D:1:      lemuel_arrival_cross
D:3:      evilmike_ruin_ashenzari, lemuel_crystal_altar, grunt_decor_one_mirror,
          uniq_terence

Skill      XL: |  1  2  3  4 |
---------------+-------------+-----
Dodging        | 1 2 |  2.0
Throwing       | 2 |  2.1
Short Blades   | 3 |  3.3
Stealth        | 4 |  4.0
Fighting       | |  2.4

Action                   |  1- 3 |  4- 6 || total
-------------------------+-------+-------++-------
Melee: Dagger            |   190 |   182 ||   372
       Tailslap          |    15 |    22 ||    37
  Use: Potion            |       |     1 ||     1
 Stab: Sleeping          |     3 |       ||     3
  Eat: Chunk             |       |     2 ||     2
       Royal jelly       |       |     1 ||     1
Armor: Skin              |    58 |    48 ||   106
Dodge: Dodged            |   121 |   108 ||   229
